Map: 莱瑞拉克之冠

Players

shengy

  • Race: Zerg Zerg
  • League: Platinum

Lanfear - Winner!

  • Race: Terran Terran
  • League: Platinum

VOD

Have the link to the VOD?

Description

Time

  • Played on: Dec. 22, 2015, 7:19 p.m.
  • Length: 8:57
Show
View Real Time Build Order
Export as new Build Order

shengy Zerg 

Build Orders: Pool First 

Get SALT Encoding   

  12  0:01  Drone  
  13  0:09  Drone  
  14  0:17  Overlord  
  14  0:35  Drone x3  
  17  0:41  Extractor  
  16  0:49  Spawning Pool  
  15  0:52  Drone  
  17  0:57  Drone  
  17  1:08  Drone  
  18  1:30  Hatchery  
  17  1:34  Drone  
  18  1:41  Metabolic Boost  
  18  1:43  Zergling x2  
  19  1:56  Queen  
  19  1:57  Drone  
  21  2:08  Drone  
  22  2:09  Overlord  
  22  2:30  Drone x2  
  22  2:34  Queen  
  26  2:45  Baneling Nest  
  25  2:53  Drone  
  26  2:59  Zergling x6  
  26  3:02  Zergling x2  
  30  3:10  Zergling x8  
  34  3:14  Zergling x2  
  35  3:27  Hatchery  
  34  3:35  Queen  
  34  3:39  Overlord x2  
  36  3:56  Baneling x2  
  36  3:57  Baneling  
  35  4:04  Zergling x4  
  35  4:05  Zergling x10  
  42  4:12  Baneling  
  42  4:19  Baneling  
  42  4:30  Baneling  
  36  4:57  Queen  
  38  5:02  Extractor  
  38  5:05  Drone x7  
  38  5:06  Drone x6  
  50  5:07  Drone  
  50  5:11  Drone  
  52  5:24  Overlord  
  52  5:25  Overlord  
  52  5:47  Drone x4  
  52  5:48  Drone x7  
  63  5:54  Extractor x2, Drone x2  
  63  5:55  Drone  
  64  6:06  Drone  
  64  6:07  Drone, Roach Warren  
  65  6:13  Overlord  
  65  6:14  Overlord  
  65  6:23  Lair  
  63  7:01  Zergling x10  
  65  7:02  Zergling x4  
  65  7:05  Drone  
  65  7:06  Drone x4  
  65  7:08  Drone x5  
  78  7:09  Drone  
  78  7:10  Overlord x2  
  81  7:37  Hydralisk Den  
  81  7:40  Spire  
  81  7:43  Overlord x2  
  79  7:48  Evolution Chamber  
  79  7:49  Evolution Chamber  
  77  7:52  Overlord x4  
  73  8:11  Baneling  
  73  8:12  Baneling x7  
  73  8:16  Zergling x14  
  73  8:17  Zergling x10  
  85  8:24  Extractor  
Show
View Real Time Build Order
Export as new Build Order

Lanfear Terran - Winner!

Build Orders: MMM Bio 

Get SALT Encoding   

  12  0:01  SCV  
  13  0:13  SCV  
  14  0:18  Supply Depot  
  14  0:25  SCV  
  15  0:40  SCV, Barracks  
  16  0:46  Refinery  
  16  0:52  SCV  
  18  1:04  SCV  
  18  1:16  SCV  
  19  1:28  SCV, Marine  
  21  1:37  Command Center  
  21  1:40  SCV  
  22  1:52  Marine  
  23  2:01  Orbital Command  
  23  2:05  Supply Depot  
  23  2:19  Factory  
  23  2:22  Supply Depot  
  23  2:31  Marine  
  23  2:35  Barracks  
  24  2:43  SCV  
  25  2:56  Barracks Tech Lab  
  25  3:01  Orbital Command  
  25  3:03  Factory Tech Lab  
  25  3:07  SCV  
  25  3:08  Starport  
  26  3:15  Marine  
  27  3:23  Refinery  
  27  3:24  Marine  
  28  3:31  Siege Tank  
  28  3:32  SCV  
  28  3:33  SCV  
  33  3:44  Marine x2  
  35  3:51  Supply Depot  
  35  3:53  Engineering Bay  
  35  4:00  Stimpack  
  35  4:03  Hellion  
  35  4:06  Marine x2  
  39  4:11  SCV x2  
  39  4:14  Supply Depot  
  41  4:20  Barracks  
  41  4:23  SCV  
  42  4:24  Siege Tank  
  45  4:43  Orbital Command  
  45  4:46  Medivac  
  47  4:53  Missile Turret  
  47  4:57  Barracks Reactor  
  47  5:07  Marine  
  47  5:09  SCV  
  47  5:10  SCV  
  47  5:13  Refinery  
  50  5:15  Refinery  
  50  5:20  Starport Reactor  
  50  5:25  Marine  
  50  5:27  Supply Depot, Terran Infantry Weapons Level 1  
  51  5:33  Barracks Reactor  
  51  5:35  SCV x2  
  53  5:38  Missile Turret  
  53  5:43  Marine  
  54  5:50  Marine x2  
  54  5:56  Engineering Bay  
  56  6:00  Combat Shields  
  56  6:01  Marine, Armory  
  56  6:04  SCV  
  58  6:08  Marine  
  59  6:13  SCV  
  59  6:16  SCV  
  61  6:23  Marine x3  
  65  6:25  SCV  
  65  6:29  Missile Turret  
  64  6:34  Marine x2  
  66  6:40  Marine  
  66  6:41  Marine  
  67  6:47  Marine  
  67  6:49  Siege Tank  
  67  6:51  Marine x2  
  69  7:06  Command Center  
  69  7:10  Missile Turret  
  69  7:14  Supply Depot  
  69  7:15  Supply Depot  
  69  7:16  Supply Depot  
  69  7:22  Missile Turret  
  69  7:29  Missile Turret  
  69  7:31  Missile Turret  
  69  7:35  Medivac  
  69  7:36  Medivac  
  73  7:39  Marine  
  73  7:43  SCV  
  75  7:45  SCV  
  76  7:52  Liberator  
  76  7:53  Liberator  
  76  7:55  Siege Tank, Marine x2  
  76  7:56  Marine  
  82  8:11  Marine x2  
  88  8:34  Marine x5  
Tags
 
Add a new tag
Caveats
  • Supply blocks, unpowered buildings, or Contaminate may cause inaccurate times.
  • Supply counts are checked every 10 seconds.